cohdb
Replays
Latest Replays
All Replays
Popular Replays
Top Player Replays
Match Explorer
How It Works
Community
CoH3 Stats
Reddit
Sign in to upload your games and track your stats! →
Sign in with Steam
Match 40270563
Unlisted
Match 40270563
Overview
Messages
Build Orders
End
Construct Infanterie Kompanie
Grenadier Squad
MG 42 Machine Gun Team
GrW 34 Mortar Team
MG 42 Machine Gun Team
Construct Panzergrenadier Kompanie
Panzergrenadier Squad
Pak 40 Anti-tank Gun Team
GrW 34 Mortar Team
GrW 34 Mortar Team
GrW 34 Mortar Team
GrW 34 Mortar Team
Pioneer Squad
Pioneer Squad
Selects Luftwaffe Battlegroup
Selects Reconnaissance Run
Selects Fallschirmjäger Squad Paradrop
GrW 34 Mortar Team
JBoss
Haruna
Wurf
TidaL
johnson
jaehwan
0
0
Comments
sign in to comment!
No comments posted yet!